Match 43825934
Unlisted

Match 43825934
End
Kettenkrad Recon Vehicle
Construct Infanterie Kompanie
Selects Terror Battlegroup
Selects Machine Gun Camouflage
MG 42 Machine Gun Team
MG 42 Machine Gun Team
Grenadier Squad
GrW 34 Mortar Team
Medical Station
Construct Panzergrenadier Kompanie
Selects Interrogate
Panzergrenadier Squad
Support Elements
Nebelwerfer 42 Rocket Launcher Team
StuG III G Assault Gun
Selects Propaganda Leaflet Drop
StuG III G Assault Gun
Propaganda Leaflet Drop
Side Skirts
Nebelwerfer 42 Rocket Launcher Team
Pioneer Squad
Panzergrenadier Officer Quarters
StuG III G Assault Gun
Pioneer Squad
Kettenkrad Recon Vehicle
Selects V1 Rocket Strike
Selects Defend the Fatherland
StuG III G Assault Gun
StuG III G Assault Gun
V1 Rocket Strike
V1 Rocket Strike
laconi76
.
Jakydell
平泽唯
montheponies
Serial Chiller
AnS
Дэн_Карлионе
0
0

Comments sign in to comment!

No comments posted yet!